 Dungeon Crawl Stone Soup version 0.19.5 (webtiles) character file.

635 epen the Insei (level 7, -1/60 HPs)
             Began as a White Draconian Monk on July 31, 2017.
             Slain by Grinder (4 damage)
             ... on level 4 of the Dungeon.
             The game lasted 00:07:00 (4075 turns).

epen the Insei (White Draconian Monk)               Turns: 4075, Time: 00:07:01

Health: -1/60      AC:  6    Str: 13    XL:     7   Next: 25%
Magic:  7/7        EV: 14    Int: 11    God:
Gold:   157        SH:  0    Dex: 15    Spells: 0 memorised, 6 levels left

rFire  . . .     SeeInvis .     i - +4 rapier (speed)
rCold  + . .     Gourm    .     (armour unavailable)
rNeg   . . .     Faith    .     (no shield)
rPois  +         Spirit   .     (helmet restricted)
rElec  .         Reflect  .     (no cloak)
rCorr  .         Harm     .     (no gloves)
MR     .....                    (no boots)
Stlth  ++........               (no amulet)
                                (no ring)
                                e - ring of poison resistance

@: lethally poisoned (-1 -> -4), short of breath
A: breathe frost, unfitting armour, cold resistance 1, cold-blooded, AC +6
a: Breathe Frost


You were on level 4 of the Dungeon.
You were hungry.

You visited 1 branch of the dungeon, and saw 4 of its levels.

You collected 157 gold pieces.

Inventory:

Hand Weapons
 i - a +4 rapier of speed (weapon)
Jewellery
 e - a ring of poison resistance (left hand)
Scrolls
 c - a scroll of identify
 n - a scroll of remove curse {unknown}
Potions
 b - 2 potions of curing
 j - a potion of flight
 k - a potion of heal wounds
 l - a potion of brilliance {unknown}
 m - 3 potions of degeneration {unknown}
Comestibles
 a - 3 bread rations
 d - 2 slices of pizza
 g - 3 fruits
 h - a meat ration


   Skills:
 + Level 4.3 Fighting
 + Level 1.7 Short Blades
 + Level 4.5 Dodging
 + Level 3.1 Stealth
 + Level 5.9 Unarmed Combat


You had 6 spell levels left.
You didn't know any spells.

Dungeon Overview and Level Annotations

Branches:
Dungeon (4/15)
 Temple: D:4-7

Altars:

Annotations:
D:4 exclusion: door, Grinder


Innate Abilities, Weirdness & Mutations

You can breathe waves of freezing cold.
You can buffet flying creatures when you breathe cold.
Your icy white scales are hard. (AC +6)
You cannot fit into any form of body armour.
Your flesh is cold resistant. (rC+)
You are cold-blooded and may be slowed by cold attacks.


Message History

You kill Dowan!
Grinder drinks a potion.
Grinder is healed!
All of the chunks of flesh in your inventory have rotted away.
You feel sick.
You hit Grinder.
You tail-slap Grinder, but do no damage.
Grinder is lightly wounded.
You hit Grinder.
You tail-slap Grinder, but do no damage.
Grinder is moderately wounded.
You feel sick. Grinder hits you but does no damage.
You hit Grinder.
Grinder is heavily wounded.
Grinder gestures at you. Pain shoots through your body!
* * * LOW HITPOINT WARNING * * *
You puncture Grinder! Your punch misses Grinder.
Grinder is severely wounded.
Grinder hits you.
You die...

#. .. #.# .. #.
#.##### #5#.##.#....
#........# #......#
#.#...## #.##.## ###
.. #.# ..# ### #@# #.#
##5## #.# ##...## #.#
##.....## ####.#
##.......## ##.##.#
#.........####.....###
+.....†..)'...........
#.........####....####
##.......## ##.#.#


You could see Grinder.

Vanquished Creatures
  Eustachio (D:4)
  Duvessa (D:4)
  Dowan (D:4)
  An orc priest (D:4)
  An orc wizard (D:4)
  An iguana (D:4)
  Jessica (D:3)
  A worker ant (D:4)
  Natasha (twice) (D:4)
  8 adders
  3 worms (D:2)
  2 dart slugs
  9 orcs
  4 bats
  2 giant cockroaches
  6 goblins
  2 hobgoblins
  7 jackals
  9 kobolds
  3 frilled lizards
  A leopard gecko skeleton (D:4)
  5 rats
71 creatures vanquished.

Notes
Turn   | Place    | Note
-------+----------+-------------------------------------------
     0 | D:1      | epen the Draconian Monk began the quest for the Orb.
     0 | D:1      | Reached XP level 1. HP: 19/19 MP: 1/1
   231 | D:1      | Reached XP level 2. HP: 21/26 MP: 2/2
   941 | D:2      | You fall through a shaft!
   955 | D:2      | Reached XP level 3. HP: 26/33 MP: 3/3
  1372 | D:3      | Noticed Jessica
  1380 | D:2      | Reached skill level 4 in Unarmed Combat
  1380 | D:2      | Reached XP level 4. HP: 27/40 MP: 4/4
  1993 | D:3      | Killed Jessica
  2002 | D:3      | Reached XP level 5. HP: 25/46 MP: 5/5
  2739 | D:4      | Noticed Natasha
  2754 | D:4      | Killed Natasha
  3101 | D:4      | Reached skill level 5 in Unarmed Combat
  3120 | D:4      | Noticed Natasha
  3131 | D:4      | Killed Natasha
  3324 | D:4      | Noticed Eustachio
  3559 | D:4      | HP: 2/46 [Eustachio/rapier of speed (12)]
  3566 | D:4      | Killed Eustachio
  3566 | D:4      | Reached XP level 6. HP: 13/52 MP: 6/6
  4032 | D:4      | Noticed Duvessa
  4034 | D:4      | Noticed Dowan
  4038 | D:4      | Noticed Grinder
  4049 | D:4      | Killed Duvessa
  4049 | D:4      | Reached skill level 1 in Short Blades
  4049 | D:4      | Your scales start taking on an icy white colour.
  4049 | D:4      | Reached XP level 7. HP: 33/60 MP: 7/7
  4049 | D:4      | Gained mutation: Your flesh is cold resistant. (rC+) [White Draconian growth]
  4070 | D:4      | Killed Dowan
  4074 | D:4      | HP: 2/60 [Grinder/nerve-wracking pain (6)]
  4075 | D:4      | Slain by Grinder

Skill      XL: |  1  2  3  4  5  6 |
---------------+-------------------+-----
Dodging        | 3 4 |  4.5
Unarmed Combat | 4 5 |  5.9
Stealth        | 2 3 |  3.1
Fighting       | 4 |  4.3
Short Blades   | 1 |  1.7

Action                   |  1- 3 |  4- 6 |  7- 9 || total
-------------------------+-------+-------+-------++-------
Melee: Unarmed           |   102 |   185 |       ||   287
       Tailslap          |    13 |    24 |     4 ||    41
       Punch             |       |     6 |     1 ||     7
       Rapier            |       |    32 |    21 ||    53
 Abil: Breathe Frost     |       |       |     1 ||     1
  Use: Scroll            |       |     3 |       ||     3
       Potion            |       |     2 |       ||     2
 Stab: Sleeping          |     2 |     2 |       ||     4
  Eat: Chunk             |     1 |     8 |       ||     9
       Fruit             |       |     1 |       ||     1
Armor: Skin              |    25 |    47 |     3 ||    75
Dodge: Dodged            |    61 |   152 |     5 ||   218
